 Dungeon Crawl Stone Soup version 0.30.1-9-gdf580d7c3d (webtiles) character file.

Game seed: 17144845080171468586

153 KittyFluff the Cudgeller (level 5, -2/33 HPs)
             Began as a Gargoyle Berserker on Oct 4, 2023.
             Was a Priest of Trog.
             Slain by Ijyb
             ... wielding a +0 dagger
              (4 damage)
             ... on level 3 of the Dungeon.
             The game lasted 00:09:22 (2160 turns).

KittyFluff the Cudgeller (Gargoyle Berserker)       Turns: 2160, Time: 00:09:23

Health: -2/33      AC: 11    Str: 20    XL:     5   Next: 35%
Magic:  5/5        EV: 12    Int:  8    God:    Trog [***...]
Gold:   101        SH:  0    Dex: 11    Spells: 4/4 levels left

rFire   . . .        a - +0 mace
rCold   . . .        (no shield)
rNeg    + . .        b - +0 animal skin
rPois   ∞            (no helmet)
rElec   +            f - +0 cloak
rCorr   .            (no gloves)
SInv    .            (no boots)
Will    .....        (no amulet)
Stlth   +            q - +4 ring of protection
HPRegen 0.25/turn    (no ring)
MPRegen 0.09/turn

%: no passive effects
@: no status effects
A: sickness immunity, AC +4, negative energy resistance 1, electricity
resistance, torment resistance 1, petrification resistance
a: Renounce Religion, Berserk, Trog's Hand


You were on level 3 of the Dungeon.
You worshipped Trog.
Trog was most pleased with you.
You visited 1 branch of the dungeon, and saw 3 of its levels.

You collected 101 gold pieces.

Inventory:

Hand Weapons
 a - a +0 mace (weapon)
 g - a +0 quarterstaff
 x - a +0 sling of electrocution
Missiles
 l - 3 datura-tipped darts
 o - 5 poisoned darts (quivered)
 y - 5 boomerangs
Armour
 b - a +0 animal skin (worn)
 d - a +0 pair of gloves
 f - a +0 cloak (worn)
Jewellery
 q - a +4 ring of protection (left hand)
Scrolls
 j - 2 scrolls of enchant armour {unknown}
 m - 2 scrolls of blinking {unknown}
 n - 3 scrolls of identify {unknown}
 p - a scroll of teleportation {unknown}
 t - a scroll of vulnerability {unknown}
 w - a scroll of magic mapping {unknown}
Potions
 c - 2 potions of magic {unknown}
 e - 2 potions of heal wounds {unknown}
 h - a potion of ambrosia {unknown}
 i - 3 potions of attraction {unknown}
 k - a potion of degeneration {unknown}
 r - a potion of flight {unknown}
 s - a potion of might {unknown}
 u - a potion of curing {unknown}
 v - a potion of mutation {unknown}


   Skills:
 + Level 4.0 Fighting
 * Level 4.1 Maces & Flails
 * Level 3.8 Armour
 + Level 2.2 Dodging


You had 4 spell levels left.
You didn't know any spells.
Your spell library was empty.

Dungeon Overview and Level Annotations

Branches:
Dungeon (3/15)

Altars:

Annotations:
D:3 Ijyb


Innate Abilities, Weirdness & Mutations

You are immune to sickness and miasma.
Your stone body is resilient. (AC +4)
You are immune to poison.
You resist negative energy. (rN+)
You are resistant to electric shocks. (rElec)
You are resistant to unholy torment.
You are immune to petrification.


Message History

Ijyb hits you but does no damage.
You hit Ijyb but do no damage. Ijyb screams, "I cut your head off!"
Ijyb hits you but does no damage.
You hit Ijyb but do no damage. Your punch misses Ijyb. Ijyb closely misses you.
You closely miss Ijyb. Ijyb hits you but does no damage.
You hit Ijyb but do no damage. Ijyb misses you. Ijyb hits you with a +0 dagger.
You sock Ijyb!
Ijyb is heavily wounded.
Ijyb hits you but does no damage.
You closely miss Ijyb.
Ijyb is heavily wounded.
Ijyb zaps a wand.
Your mind is blasted!
You sock Ijyb!
Ijyb is almost dead.
Ijyb closely misses you.
You barely miss Ijyb.
Ijyb is almost dead.
Ijyb hits you with a +0 dagger.
You hit Ijyb but do no damage.
Ijyb is almost dead.
Ijyb closely misses you. x2
You hit Ijyb but do no damage.
Ijyb is almost dead.
Ijyb hits you but does no damage.
You hit Ijyb but do no damage.
Ijyb is almost dead.
Ijyb barely misses you.
You barely miss Ijyb.
Ijyb is almost dead.
Ijyb hits you but does no damage.
You hit Ijyb but do no damage.
Ijyb is almost dead.
Ijyb barely misses you.
You closely miss Ijyb.
Ijyb is almost dead.
Ijyb zaps a wand.
Your mind is blasted!
* * * LOW HITPOINT WARNING * * *
Ijyb hits you with a +0 dagger.
You die...

...... .. #####...... ...
...####........ ...
...........## #..
...........# #..
...........# ..
.....####..# #.
.......##g.# +.
#........@.# #.
#..........# ##.
##+###.....#############..
#.###....................
#........................
######+########..........
########... #... #...


You could see Ijyb.

Vanquished Creatures
  A hound zombie (D:3)
  4 gnolls
  3 adders (D:2)
  4 dart slugs
  6 ball pythons
  8 bats
  3 endoplasms
  10 goblins
  4 hobgoblins
  9 kobolds
  A ball python skeleton (D:3)
  A ball python zombie (D:3)
  4 frilled lizards
  A jackal skeleton (D:3)
  A quokka skeleton (D:3)
  8 rats
68 creatures vanquished.

Notes
Turn   | Place    | Note
-------+----------+-------------------------------------------
     0 | D:1      | KittyFluff the Gargoyle Berserker began the quest for the
                  | Orb.
     0 | D:1      | Reached XP level 1. HP: 14/14 MP: 1/1
   373 | D:1      | Reached XP level 2. HP: 19/19 MP: 2/2
   671 | D:1      | Found a faded altar of an unknown god.
   723 | D:1      | Reached XP level 3. HP: 23/23 MP: 3/3
   788 | D:1      | Reached ** piety under Trog
  1293 | D:2      | Reached XP level 4. HP: 29/29 MP: 4/4
  1797 | D:3      | Reached XP level 5. HP: 20/33 MP: 5/5
  1868 | D:3      | Reached *** piety under Trog
  2135 | D:3      | Noticed Ijyb
  2160 | D:3      | Slain by Ijyb

Illustrated notes

Levels and vault maps discovered:
D:1:      beargit_arrival_diablo_church, layout_basic,
          shapermc_ecumenical_altar_petra
D:2:      layout_basic, kennysheep_generic_room_2
D:3:      layout_basic, serial_undead, serial_undead_c, serial_undead_d,
          serial_undead_a, serial_undead_d, gammafunk_ghost_smash,
          guppyfry_early_lair_pool, uniq_ijyb

Skill      XL: |  1  2  3  4  5 |
---------------+----------------+-----
Armour         | 3 |  3.8
Dodging        | 2 |  2.2
Maces & Flails | 4 |  4.1
Fighting       | 4 |  4.0

Action                     |  1- 3 |  4- 6 || total
---------------------------+-------+-------++-------
  Melee: Mace              |   102 |   114 ||   216
         Punch             |     3 |     2 ||     5
   Fire: Sling             |       |     5 ||     5
 Invoke: Berserk           |     1 |       ||     1
   Stab: Distracted        |       |     1 ||     1
 Armour: Animal skin       |    59 |    67 ||   126
  Dodge: Dodged            |    91 |    83 ||   174
